 Dungeon Crawl Stone Soup version 0.31-a0-868-g674d60d6f7 (webtiles) character file.

Game seed: 8414251399014315852

68755 GigaChad the Severer (level 15, -7/115 HPs) *EXPLORE*
             Began as a Formicid Fighter on Oct 11, 2023.
             Was an Initiate of Gozag.
             Killed from afar by a will-o-the-wisp (30 damage)
             ... with a foxfire
             ... on level 2 of the Swamp.
             The game lasted 00:23:57 (18068 turns).

GigaChad the Severer (Formicid Fighter)            Turns: 18068, Time: 00:23:57

Health: -7/115     AC: 18    Str: 27    XL:     15   Next: 71%
Magic:  26/26      EV: 11    Int: 12    God:    Gozag
Gold:   5258       SH: 24    Dex: 13    Spells: 29/29 levels left

rFire   . . .        y - +5 executioner's axe (heavy)
rCold   x . .        c - +1 tower shield
rNeg    . . .        q - +1 plate armour
rPois   .            (helmet unavailable)
rElec   .            b - +1 cloak "Reoleuva" {rC- Will+++ Int+3}
rCorr   .            (no gloves)
SInv    +            (no boots)
Will    ++++.        n - amulet of reflection Stlth
                     t - +5 ring of evasion
HPRegen 0.39/turn    (no ring)
MPRegen 0.20/turn

%: reflection
@: studying Staves
A: permanent stasis, dig shafts and tunnels, antennae 3, four strong arms
a: Dig, Shaft Self, Renounce Religion, Potion Petition, Call Merchant, Bribe
Branch


You were on level 2 of the Swamp.
You worshipped Gozag.
Gozag was greatly pleased with you.
You visited 4 branches of the dungeon, and saw 19 of its levels.

You collected 5625 gold pieces.
You spent 299 gold pieces at shops.
You paid 68 gold pieces to Gozag.

Inventory:

Hand Weapons
 a - a +1 war axe
 y - a +5 heavy executioner's axe (weapon)
 J - the +1 great sword of the Extremes {heavy, Str+3 Int+3}
   (You bought it in a shop on level 2 of the Orcish Mines)

   Str+3:     It affects your strength (+3).
   Int+3:     It affects your intelligence (+3).
Armour
 b - the +1 cloak "Reoleuva" (worn) {rC- Will+++ Int+3}
   (You acquired it on level 4 of the Dungeon)

   Int+3:     It affects your intelligence (+3).
   rC-:       It makes you vulnerable to cold.
   Will+++:   It greatly increases your willpower.
 c - a +1 tower shield (worn)
 q - a +1 plate armour (worn)
Jewellery
 k - a ring of wizardry
 l - a ring of willpower
 n - an amulet of reflection (around neck)
 r - an amulet of faith
 t - a +5 ring of evasion (left hand)
 A - a ring of protection from cold
 I - a ring of ice
 Q - an amulet of regeneration
 T - a ring of poison resistance
Talismans
 C - a serpent talisman
 D - a beast talisman
Wands
 G - a wand of flame (6)
 H - a wand of iceblast (5)
 K - a wand of charming (23)
 P - a wand of light (4)
 U - a wand of digging (12)
Scrolls
 e - a scroll of summoning
 f - 10 scrolls of teleportation
 v - 5 scrolls of fog
 w - a scroll of amnesia
 x - 2 scrolls of poison
 z - 2 scrolls of fear
 E - 3 scrolls of blinking
 F - 3 scrolls of revelation
 O - a scroll of immolation
 R - 3 scrolls of identify
 W - a scroll of vulnerability {unknown}
 X - a scroll of torment {unknown}
Potions
 d - 2 potions of might
 g - 2 potions of berserk rage
 h - 4 potions of lignification
 i - a potion of experience {unknown}
 j - 7 potions of curing
 m - a potion of ambrosia {unknown}
 o - 2 potions of brilliance {unknown}
 p - 3 potions of heal wounds
 s - 3 potions of enlightenment {unknown}
 u - a potion of haste {unknown}
 B - a potion of cancellation {unknown}
 L - a potion of attraction {unknown}
 M - a potion of degeneration {unknown}
 N - a potion of magic {unknown}
Miscellaneous
 S - a phial of floods


   Skills:
 * Level 10.3 Fighting
 * Level 15.4 Axes
 * Level 11.4 Staves
 * Level 10.9 Armour
 * Level 5.4 Stealth
 * Level 15.1 Shields
 * Level 7.8 Spellcasting
 * Level 7.4 Shapeshifting


You had 29 spell levels left.
You didn't know any spells.
Your spell library contained the following spells:

 Spells                   Type           Power      Damage    Failure   Level
 Sandblast                Erth           8%         2d5       95%         1
 Shock                    Conj/Air       16%        1d4       95%         1
 Passwall                 Tmut/Erth      3%         N/A       99%         2
 Stone Arrow              Conj/Erth      8%         3d7       100%        3
 Summon Guardian Golem    Hex/Summ       4%         N/A       100%        3
 Volatile Blastmotes      Fire/Tloc      8%         2d10      100%        3
 Airstrike                Air            2%         2d(1-17)  100%        4
 Animate Armour           Summ/Erth      8%         N/A       100%        4
 Brom's Barrelling Bould  Conj/Erth      4%         2d3       100%        4
 Fulminant Prism          Conj/Hex       2%         3d5       100%        4
 Iskenderun's Mystic Bla  Conj/Tloc      4%         2d3       100%        4
 Manifold Assault         Tloc           4%         N/A       100%        4
 Olgreb's Toxic Radiance  Pois           4%         N/A       100%        4
 Summon Ice Beast         Ice/Summ       4%         N/A       100%        4
 Summon Mana Viper        Hex/Summ       4%         N/A       100%        5
 Dispersal                Tloc           2%         N/A       100%        6
 Monstrous Menagerie      Summ           2%         N/A       100%        7
 Orb of Destruction       Conj           2%         9d5       100%        7
 Spellforged Servitor     Conj/Summ      2%         N/A       100%        7
 Discord                  Hex            2%         N/A       100%        8
 Disjunction              Tloc           2%         N/A       100%        8
 Ignition                 Fire           2%         3d3       100%        8
 Lehudib's Crystal Spear  Conj/Erth      2%         10d2      100%        8
 Swiftness                Air            Unusable   N/A       N/A         3

Dungeon Overview and Level Annotations

Branches:
Dungeon (11/15)            Temple (0/1) D:4            Lair (5/5) D:11
  Swamp (2/4) Lair:3       Spider (0/4) Lair:3        Slime (0/5) Lair:5
    Orc (2/2) D:10            Elf (0/3) Orc:2

Altars:
Ashenzari
Elyvilon
Gozag
Kikubaaqudgha
Makhleb
Nemelex Xobeh
Okawaru
Qazlal
Ru
Sif Muna
Vehumet
Xom
Zin
Lugonu

Shops:
D:2 *   Orc:2 (:[(*

Portals:
Abyss: Lair:5


Innate Abilities, Weirdness & Mutations

You cannot be hasted, slowed, berserked, paralysed or teleported.
You can dig through walls and to a lower floor.
You have a pair of large antennae on your head. (SInv)
Your four strong arms can wield two-handed weapons with a shield.


Message History

The swamp worm is distracted by your dazzling golden aura.
You block the swamp worm's attack.
You slice the swamp worm!!
You kill the swamp worm!
You slice the swamp worm!!
You slice the spriggan druid like a ripe choko!!!
With its final breath, the spriggan druid offers up its power to the beasts of the wild!
The swamp worm is healed.
The swamp worm seems to grow more fierce.
You kill the spriggan druid!
You block the swamp worm's attack.
The swamp worm bites you but does no damage.
You cut the swamp worm into ribbons!!!
You kill the swamp worm!
A tyrant leech comes into view.
Unknown command.
The will-o-the-wisp gestures.
The will-o-the-wisp conjures some marshlight! 2 foxfires come into view.
You see here 7 gold pieces.
The foxfire hits you!
The will-o-the-wisp gestures.
The will-o-the-wisp conjures some marshlight! 2 foxfires come into view.
The foxfire hits you!!
* * * LOW HITPOINT WARNING * * *
The foxfire hits you.
* * * LOW HITPOINT WARNING * * *
The foxfire hits you.
* * * LOW HITPOINT WARNING * * *
You see here 7 gold pieces.
The will-o-the-wisp gestures.
The will-o-the-wisp conjures some marshlight! 2 foxfires come into view.
Unknown command.
You slice the tyrant leech!!
The tyrant leech is moderately wounded.
The foxfire hits you!!
You die...
Your body crumbles into a pile of gold.

♣~~.~~~~....~..♣^.♣♣
♣~~..$~~............
♣♣~~~)~§~~§~.....~§..♣
{
♣.~$§$~♣♣~~~~~~~~~~~.♣
♣.§~§.♣♣.~~§~§~~~~~~.♣
♣♣.~...♣.~§§v.~§~~~~♣♣
♣..~$~<~..§v.~~~~~~.♣
♣.~~...~~~vw.~~~~~..♣
♣~.<..~~...@.~~~...♣
♣♣♣...[~.♣♣$.$..♣♣♣
♣♣♣♣♣♣♣♣♣♣.$..♣ ♣♣...♣
♣~~~♣ .~~~.. ~$.~~~~~>
.§♣§.§~~~~~
♣♣..~.~~~~~~


You could see a tyrant leech and a will-o-the-wisp.

Vanquished Creatures
  Rupert (Orc:2)
  Roxanne (Swamp:2)
  2 orc warlords
  Azrael (Orc:2)
  An eleionoma (Swamp:1)
  A bunyip (Swamp:2)
  Fannar (D:10)
  5 hydras
  2 two-headed ogres
  4 catoblepae
  Erica (Lair:2)
  4 alligators
  3 thrashing horrors (Lair:5)
  Urug (Lair:5)
  An orc high priest (Orc:2)
  The ghost of JayJaygamer2134567 the Grappler, a novice TrMo of Hepliaklqana (D:8)
  3 skysharks
  A spriggan druid (Swamp:2)
  3 bog bodies (Swamp:1)
  A swamp dragon (Swamp:1)
  5 orc knights
  6 orc sorcerers
  3 ugly things (Lair:5)
  A will-o-the-wisp (Swamp:1)
  A cyclops (Orc:1)
  2 smoke demons (Lair:5)
  An elephant (Lair:5)
  6 black mambas
  13 cane toads
  4 rime drakes
  7 komodo dragons
  A meliai (Lair:3)
  3 trolls
  3 tyrant leeches
  4 hornets
  5 polar bears
  3 raiju (Lair:5)
  23 blink frogs
  Prince Ribbit (D:5)
  7 dream sheep (Lair:5)
  A shadow (D:9)
  2 spriggans (Swamp:2)
  A vampire (D:10)
  2 wraiths
  26 yaks
  A fire bat (shapeshifter) (Lair:5)
  5 wyverns
  3 fire elementals (Orc:2)
  13 small abominations (Lair:5)
  6 basilisks
  2 vampire mosquitoes (D:11)
  3 chaos spawn (Lair:5)
  3 wargs
  12 swamp worms
  13 water moccasins
  2 hell hounds (Orc:2)
  36 orc warriors
  An ice beast (D:5)
  2 ogres (Orc:1)
  8 wolves
  8 centaurs
  A phantom (D:6)
  2 kobold brigands (D:8)
  7 bullfrogs
  A gnoll sergeant (D:9)
  3 scorpions
  5 killer bees (Lair:3)
  A vampire bat (D:5)
  A howler monkey (D:5)
  An electric eel (Lair:2)
  4 hounds
  5 jellies
  15 orc priests
  A sleepcap (D:8)
  23 orc wizards
  7 gnolls
  5 adders
  A shadow imp (D:6)
  2 white imps
  An ufetubus (D:5)
  2 worms (D:2)
  4 dart slugs
  60 orcs
  6 bats
  2 bat skeletons (D:5)
  5 bat zombies (D:5)
  7 endoplasms
  2 giant cockroaches
  8 goblins
  8 hobgoblins
  2 quokkas
  3 ball pythons (D:1)
  2 frilled lizards
  15 kobolds
  3 rats
502 creatures vanquished.

Vanquished Creatures (others)
  Nessos (Orc:2)
  A goliath frog (Swamp:2)
  2 bloated husks (Swamp:1)
  A spriggan (Swamp:2)
  A swamp drake (Swamp:2)
  4 foxfires (Swamp:2)
10 creatures vanquished.

Grand Total: 512 creatures vanquished

Notes
Turn   | Place    | Note
-------+----------+-------------------------------------------
     0 | D:1      | GigaChad the Formicid Fighter began the quest for the Orb.
     0 | D:1      | Reached XP level 1. HP: 18/18 MP: 1/1
    47 | D:1      | Entered explore mode.
   109 | D:1      | Reached XP level 2. HP: 21/24 MP: 2/2
   457 | D:1      | Reached XP level 3. HP: 29/29 MP: 3/3
   570 | D:1      | Found a faded altar of an unknown god.
  1137 | D:2      | Reached XP level 4. HP: 37/37 MP: 4/4
  1271 | D:2      | Found a glowing silver altar of Zin.
  1340 | D:2      | Found Fafacvitz's Assorted Antiques.
  1701 | D:3      | Found a white marble altar of Elyvilon.
  1701 | D:3      | Found a broken altar of Ashenzari.
  1734 | D:3      | Reached XP level 5. HP: 37/42 MP: 5/5
  1819 | D:3      | Found a large runed translucent door.
  1824 | D:3      | Found a large runed translucent door.
  1824 | D:3      | Found a shimmering altar of Xom.
  2353 | D:4      | Reached skill level 5 in Shields
  2417 | D:4      | Noticed a yak
  2429 | D:4      | Noticed an orc warrior
  2434 | D:4      | Killed a yak
  2434 | D:4      | Slain by an orc warrior
                  | ... wielding a +0 short sword
                  | (9 damage)
  2435 | D:4      | Reached XP level 6. HP: 48/48 MP: 6/6
  2440 | D:4      | Killed an orc warrior
  2441 | D:4      | Reached XP level 7. HP: 24/55 MP: 7/7
  2602 | D:4      | Identified a scroll of acquirement
  2602 | D:4      | Acquired the +1 cloak "Reoleuva" {rC- Will+++ Int+3}
  2755 | D:4      | Found an opulent altar of Gozag.
  2755 | D:4      | Found a glowing silver altar of Zin.
  2803 | D:4      | Became a worshipper of Gozag Ym Sagoz the Greedy
  2848 | D:4      | Found a staircase to the Ecumenical Temple.
  2911 | D:5      | Entered Level 5 of the Dungeon
  2918 | D:5      | Reached skill level 5 in Axes
  2997 | D:5      | Reached skill level 1 in Staves
  3300 | D:5      | Noticed Prince Ribbit
  3348 | D:5      | Killed Prince Ribbit
  3349 | D:5      | Reached skill level 1 in Spellcasting
  3349 | D:5      | Reached XP level 8. HP: 20/61 MP: 9/9
  3373 | D:5      | Acquired a +3 heavy executioner's axe
  3533 | D:5      | Reached skill level 5 in Armour
  3795 | D:5      | Found an ancient bone altar of Kikubaaqudgha.
  4075 | D:6      | Found a sacrificial altar of Ru.
  4076 | D:6      | Found a stormy altar of Qazlal.
  4076 | D:6      | Found a shimmering altar of Xom.
  4242 | D:6      | Reached skill level 5 in Fighting
  4289 | D:6      | Reached XP level 9. HP: 68/68 MP: 12/12
  4439 | D:6      | Found a shimmering blue altar of Sif Muna.
  4444 | D:6      | Reached skill level 1 in Shapeshifting
  4489 | D:6      | Found an iron altar of Okawaru.
  4539 | D:6      | You fall into a shaft and drop 2 floors!
  4557 | D:8      | Noticed a hornet
  4558 | D:8      | Killed a hornet
  4785 | D:8      | Found a runed translucent door.
  4785 | D:8      | Noticed JayJaygamer2134567's ghost (novice TrMo)
  4795 | D:8      | Killed JayJaygamer2134567's ghost
  4796 | D:8      | Reached XP level 10. HP: 23/75 MP: 14/14
  5668 | D:9      | Found a sparkling altar of Nemelex Xobeh.
  5668 | D:9      | Found a radiant altar of Vehumet.
  5684 | D:9      | Reached skill level 5 in Staves
  5726 | D:9      | Noticed a two-headed ogre
  5752 | D:9      | Killed a two-headed ogre
  5968 | D:9      | Identified the +4 scale mail of the Stone Wall {+Inv rC++
                  | Will+ Int-5}
  5987 | D:10     | Entered Level 10 of the Dungeon
  6112 | D:10     | Noticed Fannar
  6123 | D:10     | Killed from afar by Fannar (18 damage)
                  | ... with a bolt of cold
  6125 | D:10     | Killed Fannar
  6126 | D:10     | Reached skill level 10 in Shields
  6323 | D:10     | Reached XP level 11. HP: 31/81 MP: 15/17
  6544 | D:10     | Reached skill level 10 in Axes
  6582 | D:10     | Found a staircase to the Orcish Mines.
  6747 | Orc:1    | Entered Level 1 of the Orcish Mines
  6747 | Orc:1    | Noticed an orc sorcerer
  6747 | Orc:1    | Noticed an orc warlord
  6747 | Orc:1    | Noticed an orc sorcerer
  6751 | Orc:1    | Killed an orc sorcerer
  6752 | Orc:1    | Killed an orc sorcerer
  6753 | Orc:1    | Slain by an orc warlord
                  | ... wielding a +1 battleaxe of flaming
                  | (7 damage)
  6754 | Orc:1    | HP: 4/83 [orc warlord/+1 battleaxe of flaming (10)]
  6755 | Orc:1    | Demolished by an orc warlord
                  | ... wielding a +1 battleaxe of flaming
                  | (21 damage)
  6756 | Orc:1    | Killed an orc warlord
  6760 | Orc:1    | Slain by an orc warrior
                  | ... wielding a +0 hand axe
                  | ... led by an orc warlord
                  | (7 damage)
  6912 | Orc:2    | Entered Level 2 of the Orcish Mines
  6912 | Orc:2    | Noticed an orc knight
  6912 | Orc:2    | Found Uvisym's Antique Weapon Shop.
  6917 | Orc:2    | Killed an orc knight
  6917 | Orc:2    | Noticed Rupert
  6924 | Orc:2    | Killed Rupert
  6960 | Orc:2    | Bought a crystal great sword for 299 gold pieces
  6960 | Orc:2    | Identified the +1 great sword of the Extremes {heavy, Str+3
                  | Int+3} (You bought it in a shop on level 2 of the Orcish
                  | Mines)
  7046 | Orc:2    | Reached XP level 12. HP: 57/91 MP: 19/19
  7250 | Orc:2    | Noticed Azrael
  7252 | Orc:2    | Noticed a soul eater
  7253 | Orc:2    | HP: 2/91 [orc warrior/+0 scimitar (19)]
  7253 | Orc:2    | Mangled by an orc warrior
                  | ... wielding a +0 flail
                  | (11 damage)
  7254 | Orc:2    | Reached skill level 5 in Spellcasting
  7254 | Orc:2    | Noticed an orc warlord
  7257 | Orc:2    | Slain by a fire elemental (8 damage)
                  | ... led by Azrael
  7258 | Orc:2    | Killed Azrael
  7259 | Orc:2    | Killed by divine providence
                  | ... invoked by an orc priest
                  | ... led by an orc warlord
                  | (14 damage)
  7260 | Orc:2    | Noticed a sun demon
  7261 | Orc:2    | Noticed a soul eater
  7263 | Orc:2    | HP: 4/91 [orc warrior/+0 battleaxe (9)]
  7263 | Orc:2    | Slain by a smoke demon (4 damage)
                  | ... summoned by an orc sorcerer
                  | ... led by an orc warlord
  7265 | Orc:2    | Killed by divine providence
                  | ... invoked by an orc priest
                  | ... led by an orc warlord
                  | (13 damage)
  7266 | Orc:2    | Annihilated by an orc warlord
                  | ... wielding a +3 long sword of draining
                  | (43 damage)
  7267 | Orc:2    | Demolished by an orc warlord
                  | ... wielding a +3 long sword of draining
                  | (21 damage)
  7268 | Orc:2    | HP: 1/78 [troll[an orc warlord] (10)]
  7270 | Orc:2    | Annihilated by an orc warlord
                  | ... wielding a +3 long sword of draining
                  | (37 damage)
  7273 | Orc:2    | Noticed an orc high priest
  7275 | Orc:2    | HP: 2/79 [orc warlord/+3 long sword of draining (16)]
  7275 | Orc:2    | Mangled by an orc warlord
                  | ... wielding a +3 long sword of draining
                  | (8 damage)
  7276 | Orc:2    | Mangled by an orc warlord
                  | ... wielding a +3 long sword of draining
                  | (14 damage)
  7281 | Orc:2    | Killed an orc high priest
  7283 | Orc:2    | Mangled by an orc warlord
                  | ... wielding a +3 long sword of draining
                  | (22 damage)
  7285 | Orc:2    | HP: 1/76 [orc warlord/+3 long sword of draining (35)]
  7285 | Orc:2    | Slain by an orc warlord
                  | ... wielding a +3 long sword of draining
                  | (2 damage)
  7288 | Orc:2    | Killed an orc warlord
  7289 | Orc:2    | Reached skill level 5 in Shapeshifting
  7300 | Orc:2    | Noticed Nessos
  7309 | Orc:2    | Killed Nessos
  7315 | Orc:2    | Found Mareyj's Book Shop.
  7358 | Orc:2    | Found Qiacvudi's Antique Armour Shop.
  7365 | Orc:2    | Found Got Xobad's General Store.
  7581 | Orc:2    | Found a staircase to the Elven Halls.
  7745 | Orc:2    | Found Rekhuocrusi's Antique Weapon Shop.
  7965 | Orc:1    | Noticed a sun demon
  7967 | Orc:1    | Noticed a sun demon
  7969 | Orc:1    | Reached XP level 13. HP: 30/98 MP: 21/21
  7987 | Orc:1    | HP: 2/98 [orc warrior/+0 trident (7)]
  7990 | Orc:1    | Mangled by an orc knight
                  | ... wielding a +0 war axe
                  | (13 damage)
  8560 | D:10     | Found a burning altar of Makhleb.
  8880 | D:11     | Found a staircase to the Lair.
  8987 | Lair:1   | Entered Level 1 of the Lair of Beasts
  9490 | Lair:1   | Identified the +0 robe of the Lumpy Howling Gods {rC++ rN+
                  | Slay-2}
 10310 | Lair:2   | Noticed a catoblepas
 10436 | Lair:2   | Noticed a catoblepas
 10440 | Lair:2   | Killed a catoblepas
 10450 | Lair:2   | Killed a catoblepas
 10906 | Lair:2   | Noticed Erica
 10912 | Lair:2   | Killed Erica
 11043 | Lair:3   | Reached XP level 14. HP: 64/108 MP: 23/23
 11161 | Lair:3   | Identified the +9 hand axe of Doom {drain, rPois}
 11247 | Lair:3   | Reached skill level 1 in Stealth
 11329 | Lair:3   | Found a staircase to the Swamp.
 11786 | Lair:3   | Found a hole to the Spider Nest.
 11789 | Lair:3   | Reached skill level 10 in Staves
 12834 | Lair:4   | HP: 1/108 [six-headed hydra (10)]
 12835 | Lair:4   | Slain by a six-headed hydra (6 damage)
 12839 | Lair:4   | HP: 1/108 [six-headed hydra (6)]
 12846 | Lair:4   | HP: 1/108 [catoblepas/blast of calcifying dust (5)]
 14115 | Lair:5   | Entered Level 5 of the Lair of Beasts
 14115 | Lair:5   | Noticed Urug
 14121 | Lair:5   | Killed Urug
 14161 | Lair:5   | Reached skill level 10 in Armour
 14382 | Lair:5   | Found a staircase to the Slime Pits.
 14534 | Lair:5   | HP: 5/109 [eight-headed hydra (9)]
 14534 | Lair:5   | HP: 1/109 [eight-headed hydra (4)]
 14534 | Lair:5   | Slain by an eight-headed hydra (6 damage)
 14538 | Lair:5   | Mangled by a ten-headed hydra (7 damage)
 14992 | Lair:5   | Reached XP level 15. HP: 93/115 MP: 24/26
 15344 | Lair:5   | Reached skill level 15 in Axes
 15391 | Lair:5   | Found a corrupted altar of Lugonu.
 15391 | Lair:5   | Found a one-way gate to the infinite horrors of the Abyss.
 15396 | Lair:5   | Reached skill level 10 in Fighting
 16509 | Swamp:1  | Entered Level 1 of the Swamp
 16753 | Swamp:1  | HP: 5/115 [poisoned by a swamp dragon (poison gas)]
 16754 | Swamp:1  | Succumbed to a swamp dragon's poison gas
 16759 | Swamp:1  | HP: 3/115 [swamp worm (11)]
 16760 | Swamp:1  | Succumbed to a swamp dragon's blast of poison
 17108 | Swamp:1  | Reached skill level 5 in Stealth
 17108 | Swamp:1  | HP: 2/115 [alligator (7)]
 17109 | Swamp:1  | Slain by an eight-headed hydra (7 damage)
 17756 | Swamp:2  | Noticed Roxanne
 17764 | Swamp:2  | HP: 3/115 [acid (7)]
 17769 | Swamp:2  | HP: 2/115 [poisoned by a swamp drake (noxious blast)]
 17770 | Swamp:2  | Demolished by a goliath frog (20 damage)
 17777 | Swamp:2  | Mangled by a spriggan rider
                  | ... wielding a +0 spear
                  | (19 damage)
 17778 | Swamp:2  | Slain by an alligator (14 damage)
 17782 | Swamp:2  | HP: 5/115 [spriggan rider/+0 spear (11)]
 17782 | Swamp:2  | HP: 2/115 [alligator (3)]
 17782 | Swamp:2  | Mangled by a spriggan rider
                  | ... wielding a +0 spear
                  | (15 damage)
 17788 | Swamp:2  | HP: 3/115 [hornet (6)]
 17789 | Swamp:2  | Slain by an alligator (9 damage)
 17791 | Swamp:2  | Mangled by an alligator (18 damage)
 17805 | Swamp:2  | HP: 1/115 [poisoned by a hornet]
 17806 | Swamp:2  | Succumbed to a hornet's poison
 18042 | Swamp:2  | Killed Roxanne
 18043 | Swamp:2  | Reached skill level 15 in Shields
 18068 | Swamp:2  | Killed from afar by a will-o-the-wisp

Illustrated notes

Levels and vault maps discovered:
D:1:      dpeg_arrival_arbitrary_c, layout_loops_cross,
          chequers_ecumenical_altar_simple
D:2:      layout_basic, basic_altar, serial_shops,
          nicolae_shop_temple_entry_statues_fountains, serial_park_tiny_1,
          minmay_misc_feat_secret_circle
D:3:      due_chaos_kobolds, layout_basic, gammafunk_temple_overflow_wave
D:4:      layout_loops_ring, grunt_temple_overflow_gold_and_silver,
          minmay_temple_entry_gardened_gates, minmay_manual_mess
D:5:      layout_basic, kennysheep_vampire_church, dreamdust_princess_corridor,
          nicolae_sextant, uniq_prince_ribbit1
D:6:      layout_cave_pools, chequers_temple_overflow_statue_of_worship,
          kennysheep_orc_sif_temple
D:8:      layout_basic, gammafunk_ghost_grave
D:9:      layout_loops_ring, jmf_multi_god_temple
D:10:     layout_rooms, mainiacjoe_overflow_boulevard, david_orc_4,
          minmay_hedge_maze, uniq_fannar
D:11:     layout_roguey, lair_entry_dummy
Lair:1:   layout_big_grid, gauntlet_entry_generic
Lair:2:   layout_gridlike, nicolae_lair_grazing_beasts
          [nicolae_sub_lair_graze_edge, nicolae_sub_lair_graze_edge,
          nicolae_sub_lair_graze_edge, nicolae_sub_lair_graze_edge],
          serial_bayou_shore_a, uniq_erica
Lair:3:   layout_regular_city, swamp_mist, hellmonk_spider_entry_not_the_bees,
          minivault_26, grunt_megastairs_1
Lair:4:   layout_regular_city, serial_bayou_pond_b
Lair:5:   hellmonk_lair_end_abyssal_woods, layout_cave_pods,
          nicolae_slime_entry_field_trip, hangedman_lair_generics_rect,
          uniq_urug
Swamp:1:  layout_falls_marsh, nicolae_swamp_tree_designs, swamp_pool1,
          nicolae_swamp_trees_clearing
Swamp:2:  layout_basic_swamp, nicolae_swamp_decorative_isthmus, uniq_roxanne
Orc:1:    layout_caves
Orc:2:    grunt_orc_cross, layout_caves, serial_shops, shop, uniq_rupert,
          uniq_azrael, uniq_nessos

Skill      XL: |  1  2  3  4  5  6  7  8  9 10 11 12 13 14 15 |
---------------+----------------------------------------------+-----
Axes           | 3 4 5 6 8 9 11 12 13 14 15 | 15.4
Fighting       | 4 5 6 7 8 9 10 | 10.3
Armour         | 4 5 6 7 8 9 10 | 10.9
Shields        | 5 6 7 9 10 11 13 14 15 | 15.1
Staves         | 2 3 4 6 7 8 9 10 11 | 11.4
Spellcasting   | 1 2 3 4 5 6 7 |  7.8
Shapeshifting  | 2 3 4 5 6 7 |  7.4
Stealth        | 4 5 |  5.4

Action                     |  1- 3 |  4- 6 |  7- 9 | 10-12 | 13-15 || total
---------------------------+-------+-------+-------+-------+-------++-------
  Melee: War axe           |    93 |   114 |    58 |       |       ||   265
         Executioner's axe |       |       |    97 |   192 |   533 ||   822
Ability: Dig               |       |       |     2 |       |       ||     2
         Shaft Self        |       |       |     1 |       |       ||     1
    Use: Scroll            |     1 |     6 |     6 |       |    10 ||    23
   Stab: Distracted        |       |       |       |     1 |     5 ||     6
         Petrified         |       |       |       |       |     3 ||     3
 Armour: Scale mail        |    61 |    60 |       |       |       ||   121
         Plate armour      |       |       |   133 |   291 |   682 ||  1106
  Dodge: Dodged            |    26 |    26 |    55 |   126 |   306 ||   539
  Block: Buckler           |     2 |       |       |       |       ||     2
         Kite shield       |    43 |    36 |       |       |       ||    79
         Tower shield      |       |    72 |   223 |   372 |  1050 ||  1717
         Reflection        |       |     2 |    10 |    18 |    23 ||    53

Table legend: (Time is in decaauts)
 A = Elapsed time spent in this place.
 B = Non-inter-level travel time spent in this place.
 C = Inter-level travel time spent in this place.
 D = Time resting spent in this place.
 E = Time spent auto-exploring this place.
 F = Levels seen in this place.
 G = Mean time per level.
                   A        B        C        D        E       F      G
               +--------+--------+--------+--------+--------+-----+--------+
         Total |  19183 |  18380 |    803 |    624 |  13353 |  19 | 1009.6 |
       Dungeon |   7705 |   7420 |    285 |    152 |   5394 |  10 |  770.5 |
          Lair |   7922 |   7555 |    367 |    259 |   5793 |   5 | 1584.4 |
         Swamp |   1707 |   1694 |     13 |    213 |   1073 |   2 |  853.5 |
  Orcish Mines |   1848 |   1710 |    138 |      0 |   1092 |   2 |  924.0 |
               +--------+--------+--------+--------+--------+-----+--------+

Top non-repeatable levels by time:
  Lair:5: 2494 daAuts
  Lair:4: 1848 daAuts
  Lair:3: 1405 daAuts
 Swamp:1: 1332 daAuts
  Lair:2: 1242 daAuts
   Orc:2: 1186 daAuts
     D:5: 1144 daAuts
    D:10: 1095 daAuts
  Lair:1: 932 daAuts
     D:8: 856 daAuts
     D:2: 840 daAuts
     D:1: 818 daAuts
     D:3: 720 daAuts
     D:9: 669 daAuts
   Orc:1: 662 daAuts
